 Dungeon Crawl Stone Soup version 0.22.1-2-g9c5b331 (webtiles) character file.

22216 Fang the Cleaver (level 12, -2/77 HPs)
             Began as a Gargoyle Berserker on Dec 12, 2018.
             Was a High Priest of Trog.
             Slain by a meliai
             ... wielding a +0 hand axe
              (9 damage)
             ... on level 4 of the Lair of Beasts.
             The game lasted 00:21:36 (15110 turns).

Fang the Cleaver (Gargoyle Berserker)              Turns: 15110, Time: 00:21:36

Health: -2/77      AC: 27    Str: 24    XL:     12   Next: 98%
Magic:  0/12       EV: 10    Int: 14    God:    Trog [*****.]
Gold:   860        SH:  0    Dex:  9    Spells: 11/11 levels left

rFire    . . .     SeeInvis .   y - +2 executioner's axe (elec)
rCold    . . .     Gourm    .   (shield currently unavailable)
rNeg     + . .     Faith    .   a - +2 plate armour
rPois    ∞         Spirit   +   D - +2 hat
rElec    +         Reflect  .   (no cloak)
rCorr    .         Harm     .   (no gloves)
MR       .....                  (no boots)
Stlth    ..........             t - amulet of guardian spirit
HPRegen  0.22/turn              g - +2 ring of evasion
MPRegen  0.13/turn              w - +4 ring of intelligence

@: about to teleport, berserk cooldown, slowed, very slow
A: negative energy resistance 1, electricity resistance, unbreathing,
petrification resistance, rot immunity, AC +8
a: Berserk, Trog's Hand, Brothers in Arms, Renounce Religion


You were on level 4 of the Lair of Beasts.
You worshipped Trog.
Trog was extremely pleased with you.
You were near starving.

You visited 3 branches of the dungeon, and saw 15 of its levels.
You also visited: Ossuary.

You collected 860 gold pieces.

Inventory:

Hand Weapons
 q - a +4 battleaxe
 y - a +2 executioner's axe of electrocution (weapon)
 B - a +1 broad axe of chopping
Armour
 a - a +2 plate armour (worn)
 D - a +2 hat (worn)
Jewellery
 g - a +2 ring of evasion (left hand)
 i - an uncursed amulet of the acrobat
 s - an uncursed ring of protection from fire
 t - an amulet of guardian spirit (around neck)
 w - a +4 ring of intelligence (right hand)
 C - an uncursed ring of protection from magic
Wands
 e - a wand of paralysis (45)
 u - a wand of disintegration (20)
 v - a wand of enslavement (27)
 A - a wand of random effects (23)
Scrolls
 f - 5 scrolls of teleportation
 h - 7 scrolls of remove curse
 l - 4 scrolls of magic mapping
 n - 5 scrolls of identify
 r - 3 scrolls of fear
Potions
 b - 3 potions of lignification
 d - a potion of cancellation
 j - 2 potions of flight
 k - 7 potions of curing
 m - 2 potions of haste
 o - a potion of mutation
 p - a potion of brilliance
 x - a potion of heal wounds
 z - a potion of resistance
Comestibles
 c - 22 rations


   Skills:
 + Level 10.1 Fighting
 + Level 14.7 Axes
 + Level 10.6 Armour
 + Level 3.4 Dodging
 + Level 2.0 Stealth


You had 11 spell levels left.
You didn't know any spells.
Your spell library was empty.

Dungeon Overview and Level Annotations

Branches:
Dungeon (10/15)            Temple (1/1) D:6            Lair (4/6) D:10
 Shoals (0/4) Lair:4       Spider (0/4) Lair:4          Orc (0/2) D:10

Altars:
Ashenzari
Kikubaaqudgha
Makhleb
Nemelex Xobeh
Okawaru
Qazlal
Sif Muna
Yredelemnul
Zin
The Shining One

Shops:
D:5 ???[

Annotations:
Lair:1 exclusion: 2 oklob plants


Innate Abilities, Weirdness & Mutations

You are resistant to torment.
Your stone body is resilient. (AC +8)
You are immune to poison.
You resist negative energy. (rN+)
You are resistant to electric shocks. (rElec)
You can survive without breathing.
You are immune to petrification.
You are immune to rotting.


Message History

The killer bee goes berserk!
The queen bee calls on the killer bee to defend it!
The killer bee goes berserk!
The queen bee calls on the meliai to defend it!
The meliai goes berserk!
The meliai hits you but does no damage.
The meliai hits your ogre with a hand axe.
The meliai stings you but does no damage.
The killer bee stings you.
* * * LOW HITPOINT WARNING * * *
The killer bee stings you but does no damage.
You hear an angry buzzing noise. x2
The killer bee barely misses you. The meliai hits you with a hand axe!
* * * LOW HITPOINT WARNING * * *
The meliai closely misses you.
The killer bee stings you but does no damage.
Your ogre barely misses the killer bee.
The meliai hits you but does no damage.
The meliai stings you but does no damage.
The killer bee stings you but does no damage.
The meliai hits you but does no damage. The meliai stings you!
You die...

##.......^^#.....#
#.......^>^..^...#
#.......^^^...#..##
####'#...^^^#...^##..##
##.......[###..^..^#...#
#.+.....)###...^.##..P##
...............###O..##
###............##yy..#
##.............@yy..#
#.........#######y.##
#.........# #..#
##........# #.)#
#.##..#..# #.##
###P.....# .y#
#.#.....## y#.#
#..P.##### yy###
###..PP....# ##


You could see a queen bee, a meliai (berserk), 3 killer bees and a friendly ogre
(berserk).

Vanquished Creatures
  Gastronok (Lair:3)
  A catoblepas (Lair:1)
  2 two-headed ogres (D:9)
  Nergalle (Lair:1)
  An unseen horror (D:10)
  Maurice (D:8)
  2 black mambas (Lair:1)
  6 spiny frogs
  A komodo dragon (Lair:3)
  A polar bear (Lair:3)
  A troll (D:10)
  2 meliai (Lair:4)
  Prince Ribbit (D:5)
  Grinder (D:6)
  3 hippogriffs
  A blink frog (Lair:1)
  4 dream sheep (Lair:4)
  2 redbacks (Lair:4)
  Sigmund (D:6)
  A vampire (D:10)
  2 wraiths (D:10)
  A wyvern (Lair:4)
  3 yaks (Lair:2)
  2 basilisks
  A hungry ghost (D:8)
  Edmund (D:6)
  Menkaure (D:5)
  5 water moccasins
  5 porcupines
  8 orc warriors
  3 ice beasts
  A sky beast (D:9)
  2 necrophages
  A black bear (Lair:4)
  A phantom (D:7)
  3 ogres
  7 wolves
  8 centaurs
  9 crocodiles
  2 big kobolds
  14 bullfrogs
  A gnoll sergeant (D:6)
  A wyvern skeleton (D:9)
  Dowan (D:7)
  18 killer bees
  4 wights (D:8)
  5 electric eels
  3 howler monkeys
  3 crimson imps
  3 centaur zombies
  9 orc priests
  A bullfrog zombie (D:6)
  9 orc wizards
  Crazy Yiuf (D:7)
  8 hounds
  2 jellies
  2 bullfrog skeletons
  5 iguanas
  Ijyb (D:5)
  6 worker ants
  A killer bee zombie (D:6)
  8 big kobold zombies (Ossuary)
  A mummy (Ossuary)
  A hound zombie (D:7)
  2 hound skeletons
  A howler monkey skeleton (D:8)
  13 adders
  8 gnolls
  4 shadow imps (D:5)
  2 oozes
  A dart slug (D:1)
  4 leopard geckos
  46 orcs
  3 spectral bats (Ossuary)
  9 bats
  7 giant cockroaches
  7 goblins
  7 hobgoblins
  10 jackals (D:5)
  22 kobolds
  3 quokkas
  A ball python (D:3)
  2 bat simulacra (Ossuary)
  3 frilled lizards
  4 gnoll zombies (Ossuary)
  2 goblin simulacra (Ossuary)
  9 goblin zombies
  3 hobgoblin zombies (Ossuary)
  A jackal zombie (D:7)
  A kobold simulacrum (Ossuary)
  2 kobold zombies (Ossuary)
  A leopard gecko skeleton (D:7)
  5 orc zombies (Ossuary)
  2 quokka zombies
  11 rats
  6 rat simulacra (Ossuary)
  A rat zombie (D:5)
  4 spectral goblins (Ossuary)
  A spectral kobold (Ossuary)
  2 spectral rats (Ossuary)
  2 fungi
420 creatures vanquished.

Vanquished Creatures (collateral kills)
  A hydra (Lair:1)
  A komodo dragon (Lair:1)
  A troll (D:10)
  Duvessa (D:7)
  An orc warrior (D:10)
  A killer bee (D:7)
  2 electric eels (D:10)
  A crimson imp (D:7)
  An orc (D:10)
10 creatures vanquished.

Vanquished Creatures (others)
  2 plants
2 creatures vanquished.

Grand Total: 432 creatures vanquished

Notes
Turn   | Place    | Note
-------+----------+-------------------------------------------
     0 | D:1      | Fang the Gargoyle Berserker began the quest for the Orb.
     0 | D:1      | Reached XP level 1. HP: 14/14 MP: 1/1
   219 | D:1      | Reached XP level 2. HP: 19/19 MP: 2/2
   222 | D:1      | Reached skill level 3 in Axes
  1036 | D:2      | Reached XP level 3. HP: 24/24 MP: 3/3
  1199 | D:2      | Found a sparkling altar of Nemelex Xobeh.
  1316 | D:2      | Reached ** piety under Trog
  1460 | D:2      | Reached XP level 4. HP: 27/29 MP: 4/4
  1750 | D:2      | Found a faded altar of an unknown god.
  1824 | D:3      | Reached XP level 5. HP: 33/33 MP: 5/5
  2022 | D:3      | Reached skill level 4 in Axes
  2311 | D:3      | Reached XP level 6. HP: 39/39 MP: 6/6
  3410 | D:5      | Entered Level 5 of the Dungeon
  3418 | D:5      | Noticed Prince Ribbit
  3474 | D:5      | Found Loohagg's Magic Scroll Boutique.
  3476 | D:5      | Noticed Ijyb
  3480 | D:5      | Reached XP level 7. HP: 44/44 MP: 7/7
  3486 | D:5      | Reached skill level 5 in Axes
  3487 | D:5      | Killed Ijyb
  3490 | D:5      | Reached *** piety under Trog
  3532 | D:5      | Found Lynu's Magic Scroll Shoppe.
  3537 | D:5      | Noticed Menkaure
  3572 | D:5      | Found a sand-covered staircase.
  3580 | Ossuary  | Entered an ossuary
  3877 | Ossuary  | Reached **** piety under Trog
  3877 | Ossuary  | Reached skill level 5 in Fighting
  4192 | D:5      | Killed Menkaure
  4192 | D:5      | Reached skill level 6 in Axes
  4192 | D:5      | Reached XP level 8. HP: 27/49 MP: 8/8
  4500 | D:5      | Killed Prince Ribbit
  4634 | D:5      | Found Narhouq's Magic Scroll Emporium.
  4696 | D:5      | Found Soizut's Armour Emporium.
  4722 | D:5      | Reached ***** piety under Trog
  4728 | D:5      | Reached skill level 5 in Armour
  4880 | D:5      | Reached skill level 7 in Axes
  4880 | D:5      | Reached skill level 1 in Stealth
  5171 | D:6      | Reached skill level 8 in Axes
  5171 | D:6      | Reached XP level 9. HP: 40/55 MP: 9/9
  5309 | D:6      | Noticed Sigmund
  5313 | D:6      | Noticed Edmund
  5702 | D:6      | Killed Sigmund
  5706 | D:6      | Reached skill level 9 in Axes
  6030 | D:6      | Killed Edmund
  6212 | D:6      | Noticed Grinder
  6219 | D:6      | Killed Grinder
  6492 | D:6      | Found a staircase to the Ecumenical Temple.
  6499 | Temple   | Entered the Ecumenical Temple
  6571 | D:7      | Noticed Dowan
  6582 | D:7      | Received a gift from Trog
  6594 | D:7      | Killed Dowan
  6596 | D:7      | Noticed Duvessa
  6621 | D:7      | Killed Duvessa
  7210 | D:7      | Found a basalt altar of Yredelemnul.
  7210 | D:7      | Found a glowing golden altar of the Shining One.
  7210 | D:7      | Found a deep blue altar of Sif Muna.
  7218 | D:7      | Found an ancient bone altar of Kikubaaqudgha.
  7229 | D:7      | Reached skill level 10 in Axes
  7229 | D:7      | Reached XP level 10. HP: 42/61 MP: 10/10
  7474 | D:7      | Found a runed door.
  7705 | D:7      | Noticed Crazy Yiuf
  7710 | D:7      | Killed Crazy Yiuf
  8070 | D:8      | Noticed Maurice
  8087 | D:8      | Killed Maurice
  8354 | D:8      | Found a burning altar of Makhleb.
  8355 | D:8      | Received a gift from Trog
  8542 | D:9      | Reached skill level 11 in Axes
  9130 | D:9      | Noticed a two-headed ogre
  9139 | D:9      | Killed a two-headed ogre
  9139 | D:9      | Reached XP level 11. HP: 59/68 MP: 6/11
  9342 | D:9      | Noticed a two-headed ogre
  9365 | D:9      | Killed a two-headed ogre
  9658 | D:10     | Entered Level 10 of the Dungeon
  9661 | D:10     | Found a staircase to the Orcish Mines.
  9680 | D:10     | Killed an unseen horror
  9680 | D:10     | Reached skill level 12 in Axes
 10228 | D:10     | Found a staircase to the Lair.
 10557 | D:10     | Received a gift from Trog
 10764 | D:10     | Found a sparkling altar of Nemelex Xobeh.
 11128 | Lair:1   | Entered Level 1 of the Lair of Beasts
 11181 | Lair:1   | Noticed Nergalle
 11199 | Lair:1   | Killed Nergalle
 11492 | Lair:1   | Received a gift from Trog
 11570 | Lair:1   | Noticed a catoblepas
 11579 | Lair:1   | Killed a catoblepas
 11579 | Lair:1   | Reached skill level 13 in Axes
 11579 | Lair:1   | Reached XP level 12. HP: 68/76 MP: 6/12
 11622 | Lair:1   | Noticed a six-headed hydra
 11627 | Lair:1   | Killed a six-headed hydra
 11627 | Lair:1   | Reached skill level 10 in Armour
 13373 | Lair:3   | Noticed Gastronok
 13400 | Lair:3   | Killed Gastronok
 13400 | Lair:3   | Reached skill level 14 in Axes
 14298 | Lair:4   | Found a hole to the Spider Nest.
 14362 | Lair:4   | Reached skill level 10 in Fighting
 14433 | Lair:4   | Found a staircase to the Shoals.
 14434 | Lair:4   | Identified a scroll of acquirement
 15110 | Lair:4   | Slain by a meliai

Skill      XL: |  1  2  3  4  5  6  7  8  9 10 11 12 |
---------------+-------------------------------------+-----
Axes           | 3 4 6 8 10 11 13 14 | 14.7
Fighting       | 4 5 6 8 9 10 | 10.1
Dodging        | 2 3 |  3.4
Armour         | 3 4 5 7 8 9 10 | 10.6
Stealth        | 1 2 |  2.0

Action                   |  1- 3 |  4- 6 |  7- 9 | 10-12 || total
-------------------------+-------+-------+-------+-------++-------
Melee: Hand axe          |   159 |   217 |   306 |       ||   682
       War axe           |       |       |   283 |    54 ||   337
       Battleaxe         |       |       |       |   409 ||   409
       Executioner's axe |       |       |       |   201 ||   201
Invok: Berserk           |       |     3 |     4 |    12 ||    19
       Brothers in Arms  |       |       |     1 |     6 ||     7
  Use: Scroll            |       |     5 |    17 |     9 ||    31
       Potion            |       |       |     1 |     1 ||     2
 Stab: Sleeping          |     1 |       |       |       ||     1
  Eat: Chunk             |     1 |     9 |     8 |    37 ||    55
       Ration            |       |       |     3 |     1 ||     4
Armor: Animal skin       |    26 |       |       |       ||    26
       Ring mail         |    38 |    36 |       |       ||    74
       Chain mail        |       |    87 |   271 |       ||   358
       Plate armour      |       |       |   149 |   708 ||   857
Dodge: Dodged            |   126 |   156 |   334 |   582 ||  1198
